 Dungeon Crawl Stone Soup version 0.24-a0-458-gfcb5e6da0e (webtiles) character file.

Game seed: 4475351369124113651

355308 Chimkentus the Nimble (level 22, -15/154 HPs)
             Began as an Octopode Summoner on June 18, 2019.
             Was the Champion of Dithmenos.
             Killed from afar by Sojobo (31 damage)
             ... with a bolt of lightning
             ... on level 2 of the Depths on June 26, 2019.
             The game lasted 14:20:44 (68497 turns).

Chimkentus the Nimble (Octopode Summoner)          Turns: 68497, Time: 14:20:45

Health: -15/154    AC:  5    Str: 18    XL:     22   Next: 32%
Magic:  0/49       EV: 30    Int: 21    God:    Dithmenos [******]
Gold:   562        SH: 15    Dex: 19    Spells: 1/49 levels left

rFire    + + .     SeeInvis +   D - +11 short sword "Ohin" {pierce, SInv}
rCold    + + .     Gourm    .   W - +3 buckler {reflect}
rNeg     . . .     Faith    .   r - +2 hat
rPois    +         Spirit   +   u - amulet "Qanotao" {Spirit rC+}
rElec    .         Reflect  +   n - +2 ring of evasion
rCorr    +         Harm     .   S - ring "Vilueq" {+Blink rF++ rCorr Str-2 Int+4}
MR       +++..                  p - ring "Woheuw" {MR+ AC+2}
Stlth    ++++++++++             e - +3 ring of dexterity
HPRegen  0.35/turn              G - +4 ring of strength
MPRegen  0.31/turn              R - ring of magical power
                                U - +3 ring of evasion
                                X - ring of protection from magic

@: flying (expiring), wreathed by umbra, lightly drained
A: almost no armour, stealthy swim, amphibious, 8 rings, constrict 8, large bone
plates 1, camouflage 1, agile 1, cold resistance 1, poison resistance,
gelatinous body 1
}: 2/15 runes: barnacled, gossamer
a: Shadow Step, Shadow Form, Renounce Religion, Evoke Blink


You were on level 2 of the Depths.
You worshipped Dithmenos.
Dithmenos was exalted by your worship.
You were hungry.

You visited 9 branches of the dungeon, and saw 42 of its levels.
You visited 2 bazaars.
You also visited: Bailey and Ice Cave.

You collected 5625 gold pieces.
You spent 5063 gold pieces at shops.

Inventory:

Hand Weapons
 m - the +7 long sword of Sin {flame, rElec}
   (You took it off a deep elf annihilator on level 3 of the Elven Halls)

   It has been specially enchanted to burn those struck by it, causing extra
   injury to most foes and up to half again as much damage against particularly
   susceptible opponents.
   Big, fiery blades are also staple armaments of hydra-hunters.
   It insulates you from electricity.
 y - the +7 Spriggan's Knife {stab, EV+4 Stlth+}
   (You bought it in a shop on level 1 of the Shoals)

   It affects your evasion (+4).
   It makes you more stealthy.
 D - the +11 short sword "Ohin" (weapon) {pierce, SInv}
   (You found it in a bailey)

   It inflicts extra damage upon your enemies.
   It lets you see invisible.
Missiles
 j - 2 datura-tipped darts
 v - 30 poisoned darts
 w - 28 javelins (quivered)
 z - 9 throwing nets
 V - 9 atropa-tipped darts
 Z - 4 curare-tipped darts
Armour
 r - a +2 hat (worn)
 W - a +3 buckler of reflection (worn)
Jewellery
 e - a +3 ring of dexterity (on tentacle)
 n - a +2 ring of evasion (left tentacle)
 p - the ring "Woheuw" (on tentacle) {MR+ AC+2}
   (You took it off a deep elf master archer on level 3 of the Elven Halls)

   [ring of protection]

   It affects your AC (+2).
   It affects your resistance to hostile enchantments.
 t - an uncursed ring of see invisible
 u - the amulet "Qanotao" (around mantle) {Spirit rC+}
   (You took it off a deep elf annihilator on level 3 of the Elven Halls)

   [amulet of guardian spirit]

   It causes incoming damage to be split between your health and magic.
   It protects you from cold.
 x - an uncursed ring of fire
 F - an uncursed ring of protection from magic
 G - a +4 ring of strength (on tentacle)
 L - an uncursed ring of magical power
 N - an uncursed ring of protection from cold
 P - an uncursed amulet of the acrobat
 R - a ring of magical power (on tentacle)
 S - the ring "Vilueq" (right tentacle) {+Blink rF++ rCorr Str-2 Int+4}
   (You took it off a deep elf blademaster on level 3 of the Elven Halls)

   [ring of resist corrosion]

   It affects your strength (-2).
   It affects your intelligence (+4).
   It greatly protects you from fire.
   It lets you blink.
   It provides partial protection from all sources of acid and corrosion.
 T - a +3 ring of protection
 U - a +3 ring of evasion (on tentacle)
 X - a ring of protection from magic (on tentacle)
Wands
 k - a wand of digging (6)
Scrolls
 h - 10 scrolls of fog
 i - 26 scrolls of teleportation
 q - a scroll of fear
 B - 5 scrolls of remove curse
 C - 6 scrolls of immolation
 H - 17 scrolls of identify
 I - 4 scrolls of blinking
 Q - a scroll of silence
Potions
 a - a potion of ambrosia
 c - 2 potions of cancellation
 d - 8 potions of flight
 g - 5 potions of lignification
 o - 15 potions of curing
 A - 3 potions of heal wounds
 K - 2 potions of invisibility
 M - 7 potions of brilliance
 O - 3 potions of haste
Miscellaneous
 f - a lamp of fire (inert)
 l - a lightning rod (4/4)
 J - a phial of floods (inert)
 Y - a fan of gales
Comestibles
 b - 57 rations
 s - 3 chunks of flesh


   Skills:
 * Level 14.0(13.6) Fighting
 + Level 9.7(9.4) Short Blades
 + Level 0.2(5.7) Long Blades
   Level 0.3(1.4) Maces & Flails
   Level 0.1(1.3) Polearms
   Level 2.7(2.5) Staves
 + Level 4.7(4.4) Throwing
 * Level 14.5(14.1) Dodging
 - Level 12.0(11.6) Stealth
 * Level 13.1(12.7) Shields
 + Level 0.5(0.2) Unarmed Combat
 + Level 14.3(13.9) Spellcasting
 * Level 4.8(4.5) Conjurations
 + Level 11.6(11.3) Hexes
 + Level 3.8(3.6) Charms
 + Level 10.5(10.1) Summonings
 + Level 2.0(1.8) Necromancy
 + Level 8.0(7.7) Translocations
 + Level 1.5(1.3) Transmutations
 + Level 0.6(0.3) Fire Magic
 + Level 5.2(4.9) Air Magic
 + Level 3.3(3.1) Poison Magic
 * Level 14.0(13.6) Invocations
 + Level 10.0(9.7) Evocations


You had one spell level left.
You knew the following spells:

 Your Spells              Type           Power        Failure   Level  Hunger
a - Blink                 Tloc           N/A          1%          2    None
b - Aura of Abjuration    Summ           ######....   1%          5    ###....
c - Confusing Touch       Hex            ######       1%          1    None
d - Metabolic Englaciati  Hex/Ice        #####.....   12%         5    ###....
e - Summon Guardian Gole  Hex/Summ       ######..     1%          3    None
f - Confuse               Hex            ######..     1%          3    None
g - Summon Lightning Spi  Summ/Air       #####...     1%          4    None
h - Mephitic Cloud        Conj/Pois/Air  ####....     2%          3    None
i - Summon Mana Viper     Hex/Summ       ######..     1%          5    ###....
j - Summon Butterflies    Summ           ######..     1%          1    None
k - Shroud of Golubria    Chrm/Tloc      #####.       1%          2    None
l - Passage of Golubria   Tloc           N/A          1%          4    None
m - Dazzling Spray        Conj/Hex       #####.       1%          3    None
n - Regeneration          Chrm/Necr      ####......   4%          3    None
o - Beastly Appendage     Tmut           ###...       2%          1    None
p - Ignite Poison         Fire/Tmut/Pois ###.....     7%          3    None

Your spell library contained the following spells:

 Spells                   Type           Power        Failure   Level  Hunger
 Corona                   Hex            ######.      1%          1    None
 Flame Tongue             Conj/Fire      ###..        1%          1    None
 Infusion                 Chrm           ####         1%          1    None
 Magic Dart               Conj           ####         1%          1    None
 Summon Small Mammal      Summ           ####         1%          1    None
 Call Imp                 Summ           ######..     1%          2    None
 Ensorcelled Hibernation  Hex/Ice        #####.       1%          2    None
 Searing Ray              Conj           ####..       1%          2    None
 Slow                     Hex            ######..     1%          2    None
 Song of Slaying          Chrm           ####....     1%          2    None
 Call Canine Familiar     Summ           ######..     1%          3    None
 Gell's Gravitas          Tloc           #####.....   1%          3    None
 Inner Flame              Hex/Fire       #####...     1%          3    None
 Lesser Beckoning         Tloc           #####.....   1%          3    None
 Recall                   Summ/Tloc      N/A          1%          3    None
 Spectral Weapon          Hex/Chrm       #####...     1%          3    None
 Static Discharge         Conj/Air       ####....     1%          3    None
 Teleport Other           Tloc           #####...     1%          3    None
 Tukima's Dance           Hex            ######..     1%          3    None
 Fulminant Prism          Conj/Hex       #####.....   1%          4    None
 Summon Demon             Summ           ######....   1%          5    ###....
 Throw Flame              Conj/Fire      ###...       2%          2    None
 Sticks to Snakes         Tmut           ###.....     3%          2    None
 Sublimation of Blood     Necr           ###.......   3%          2    None
 Force Lance              Conj/Tloc      #####...     3%          4    None
 Summon Forest            Summ/Tloc      ######....   3%          5    ###....
 Conjure Flame            Conj/Fire      ###.....     4%          3    None
 Leda's Liquefaction      Hex/Erth       #####.....   4%          4    None
 Silence                  Hex/Air        #####.....   4%          5    ###....
 Spider Form              Tmut/Pois      ###.......   5%          3    None
 Summon Ice Beast         Ice/Summ       #####...     5%          4    None
 Darkness                 Hex            ######....   6%          6    #####..
 Iskenderun's Mystic Bla  Conj           ####....     7%          4    None
 Yara's Violent Unravell  Hex/Tmut       #####.....   9%          5    ###....
 Shadow Creatures         Summ           N/A          11%         6    #####..
 Sticky Flame             Conj/Fire      ###.....     16%         4    None
 Lightning Bolt           Conj/Air       ####......   17%         5    ###....
 Iskenderun's Battlesphe  Conj/Chrm      ####....     22%         5    ###....
 Venom Bolt               Conj/Pois      ####......   26%         5    ###....
 Ice Form                 Ice/Tmut       ###.....     32%         4    None
 Petrify                  Tmut/Erth      ###.....     32%         4    None
 Irradiate                Conj/Tmut      ####......   36%         5    ###....
 Fireball                 Conj/Fire      ###.......   41%         5    ###....
 Alistair's Intoxication  Tmut/Pois      ###.....     43%         5    ###....
 Summon Hydra             Summ           ######....   50%         7    ######.
 Bolt of Magma            Conj/Fire/Erth ###.......   52%         5    ###....
 Blade Hands              Tmut           ###.......   56%         5    ###....
 Borgnjor's Vile Clutch   Necr/Erth      ###.......   63%         5    ###....
 Poison Arrow             Conj/Pois      ####......   80%         6    #####..
 Spellforged Servitor     Conj/Summ      #####.....   87%         7    ######.
 Iron Shot                Conj/Erth      ###.......   95%         6    #####..
 Statue Form              Tmut/Erth      ###......    99%         6    #####..
 Orb of Destruction       Conj           ####......   99%         7    ######.
 Chain Lightning          Conj/Air       ####......   100%        8    #######
 Ignition                 Fire           ###.......   100%        8    #######
 Lehudib's Crystal Spear  Conj/Erth      ###.......   100%        8    #######
 Fire Storm               Conj/Fire      ###.......   100%        9    #######
 Glaciate                 Conj/Ice       ###.......   100%        9    #######
 Shatter                  Erth           ##........   100%        9    #######
 Tornado                  Air            #####.....   100%        9    #######


Dungeon Overview and Level Annotations

Branches:
Dungeon (15/15)            Temple (1/1) D:4            Lair (6/6) D:8
 Shoals (4/4) Lair:4       Spider (4/4) Lair:4        Slime (0/5) Lair:5
    Orc (2/2) D:12            Elf (3/3) Orc:2        Vaults (4/5) D:13
  Crypt (0/3) Vaults:2     Depths (3/5) D:15

Altars:
Ashenzari
Cheibriados
Dithmenos
Elyvilon
Fedhas
Gozag
Hepliaklqana
Kikubaaqudgha
Makhleb
Nemelex Xobeh
Okawaru
Qazlal
Ru
Sif Muna
Trog
Uskayaw
Vehumet
Wu Jian
Xom
Yredelemnul
Zin
The Shining One
Beogh

Shops:
D:4 :   D:5 [   D:8 [   D:10 [*}[:   D:12 %   D:15 ?   Orc:2 ?((%
Shoals:1 %([   Shoals:4 ?   Vaults:2 *   Vaults:3 [(?*

Portals:
Hell: Depths:1 Depths:2
Pandemonium: Depths:3
Trove: D:11 (show slimy rune of Zot)

Annotations:
Elf:2 5 runed translucent doors, Kojohuesch's ghost, veteran GrFi
Vaults:2 Taschum's ghost, adept DrAK
Depths:2 Sojobo


Innate Abilities, Weirdness & Mutations

You cannot wear most types of armour.
You are very stealthy in the water. (Stealth+)
You are amphibious.
You can wear up to eight rings at the same time.
You can use your tentacles to constrict eight enemies at once.
Your skin changes colour to match your surroundings (Stealth+).
Your rubbery body absorbs attacks. (AC +1, EV +1)
You are partially covered in large bone plates. (SH +4)
You are agile. (Dex +2)
Your flesh is cold resistant. (rC+)
Your system is resistant to poisons. (rPois)


Message History

Unknown command.
You feel much better.
The tengu warrior enters the passage of Golubria.
The spectral merfolk barely misses you.
Unknown command.
The vortex of raging winds lifts you up.
You fly up into the air.
* * * LOW HITPOINT WARNING * * *
You emit a cloud of dark smoke.
You stop descending the stairs.
The winds around the air elemental start to calm down.
The air elemental completely misses you.
The soul eater draws from the surrounding life force!
* * * LOW HITPOINT WARNING * * *
The soul eater is healed.
The air elemental hits you.
* * * LOW HITPOINT WARNING * * *
Sojobo gestures at you while chanting.
The bolt of lightning hits the air elemental.
The air elemental completely resists.
The bolt of lightning misses you. The bolt of lightning hits you!!
You die...

≈≈≈≈≈≈≈≈≈≈≈≈≈≈≈≈≈≈§§≈≈≈≈###≈≈≈≈≈≈
≈≈≈.#≈≈≈≈≈[≈##≈≈≈≈§≈≈)≈≈≈≈≈≈≈≈≈≈≈
≈####≈≈≈≈≈≈≈≈≈≈≈≈≈####≈≈≈≈≈≈≈≈≈≈#
## #≈≈≈≈≈≈≈##≈≈≈≈### #≈≈≈≈≈≈≈≈≈##
######≈≈≈≈##≈≈§§§§§#####..≈≈≈≈≈≈#
.##....≈≈≈≈≈≈.§§§§§Q3####E.....≈≈
...)....≈≈....§§§§§§§§§§○........
..............§§§EZC§§Z).........
..............§§@§Z§§§§.°........
################§################
#)# #<# #.# ###


You could see Sojobo, a fire giant, a soul eater, 2 spectral merfolk, an air
elemental and a snapping turtle zombie.

Vanquished Creatures
  Nikola (Elf:3)
  Jory (Vaults:3)
  5 acid blobs (Depths:1)
  A deep elf master archer (Elf:3)
  Asterion (Spider:3)
  The ghost of Taschum the Severer, an adept DrAK of Lugonu (Vaults:1)
  6 krakens (Shoals:4)
  Kirke (D:15)
  2 tengu reavers
  Polyphemus (Shoals:4)
  2 sphinxes
  A storm dragon (Vaults:2)
  2 azure jellies (Depths:1)
  A fire giant (Vaults:2)
  3 ghost moths (Spider:4)
  4 deep elf sorcerers
  5 vault wardens
  An emperor scorpion (Spider:4)
  3 very ugly things
  7 ironheart preservers
  6 stone giants
  An entropy weaver (Spider:4)
  A reaper (IceCv)
  2 deep elf demonologists
  3 deep elf annihilators
  6 spark wasps
  4 deep elf death magi (Elf:3)
  5 ettins
  12 merfolk impalers
  A merfolk javelineer (Shoals:4)
  A jiangshi (Vaults:2)
  3 fire dragons
  4 death oozes
  2 great orbs of eyes
  2 ice dragons
  9 vault guards
  6 yaktaur captains
  A deep elf high priest (Elf:3)
  Erolcha (Orc:1)
  3 rakshasas
  A spriggan air mage (Depths:1)
  3 hydras
  Harold (D:7)
  A catoblepas (Shoals:4)
  4 merfolk avatars
  44 two-headed ogres
  8 centaur warriors
  3 death knights
  Erica (Orc:1)
  4 merfolk aquamancers (Shoals:4)
  5 dancing weapons
  2 satyrs
  2 alligator snapping turtles
  2 deep troll shamans
  A vampire mage (Depths:1)
  10 ogre magi
  2 orc high priests (Orc:2)
  7 tengu warriors
  3 death yaks (Shoals:4)
  A queen ant (Spider:1)
  2 spriggan berserkers (Depths:1)
  Sonja (Lair:3)
  9 deep elf knights
  7 hell knights
  An iron troll (Depths:1)
  2 fire crabs (Lair:6)
  4 skeletal warriors
  6 sea snakes
  2 fire crabs (shapeshifter)
  3 unseen horrors
  A death drake (Depths:2)
  5 deep trolls
  2 glowing orange brains
  2 wizards
  An obsidian statue (Vaults:1)
  A flayed ghost (Depths:2)
  An orange crystal statue (Depths:2)
  A glowing orange brain (shapeshifter) (Vaults:4)
  12 deep elf archers
  A phantasmal warrior (Depths:2)
  Pikel (D:7)
  A lindwurm (Lair:5)
  13 ironbrand convokers
  7 harpies
  17 orb spiders
  An orb spider (shapeshifter) (Vaults:1)
  12 orc knights
  32 ugly things
  A necromancer (Depths:1)
  43 deep elf magi
  21 wolf spiders
  7 orc sorcerers
  9 fauns
  3 moths of wrath
  3 mana vipers (Depths:2)
  8 manticores
  7 cyclopes
  2 ice statues (IceCv)
  A black mamba (shapeshifter) (Vaults:4)
  10 merfolk sirens
  4 molten gargoyles (Elf:2)
  11 vault sentinels
  A black mamba (Lair:6)
  10 elephants
  2 gargoyles (D:14)
  2 water nymphs
  12 spiny frogs
  3 torpor snails
  Maurice (D:12)
  A kobold demonologist (D:11)
  A freezing wraith (Vaults:1)
  7 demonic crawlers
  8 komodo dragons
  4 rime drakes
  An efreet (D:15)
  41 yaktaurs
  A yaktaur (shapeshifter) (Vaults:1)
  2 ice devils (IceCv)
  2 tengu conjurers
  A troll (shapeshifter) (Vaults:2)
  6 polar bears
  30 merfolk
  4 trolls
  42 jumping spiders
  11 hornets
  A raiju (Depths:1)
  A blink frog (shapeshifter) (Vaults:2)
  5 dream sheep
  6 snapping turtles
  6 wind drakes
  24 slime creatures
  A raiju (shapeshifter) (D:14)
  The ghost of alpinistek the Firebug, an amateur DsFE (D:4)
  11 hippogriffs
  A frost giant simulacrum (Vaults:2)
  Sigmund (D:2)
  A centaur simulacrum (D:15)
  64 redbacks
  31 yaks
  2 shadows (Depths:2)
  A tarantella (shapeshifter) (Vaults:3)
  4 air elementals
  A fire elemental (Elf:2)
  A flying skull (Vaults:2)
  6 wraiths
  23 tarantellas
  5 wyverns
  4 hogs
  3 basilisks
  A basilisk (shapeshifter) (Vaults:4)
  8 water elementals
  A human (D:14)
  Eustachio (D:4)
  10 vampire mosquitoes
  A hungry ghost (D:8)
  11 wargs
  2 acid dragons
  A soldier ant (D:12)
  Duvessa (D:7)
  6 hell hounds
  11 water moccasins
  A floating eye (Depths:2)
  41 orc warriors
  2 porcupines
  4 sky beasts
  4 ice beasts
  8 black bears
  3 phantoms
  5 boggarts
  29 ogres
  35 wolves
  10 centaurs
  21 crocodiles
  3 big kobolds (D:11)
  7 bullfrogs
  A glowing shapeshifter simulacrum (Vaults:4)
  Dowan (D:7)
  An earth elemental (Elf:3)
  8 scorpions
  A wyvern skeleton (D:9)
  13 killer bees
  A spectral ogre (Depths:2)
  2 human simulacra (Vaults:1)
  3 howler monkeys
  9 wights
  3 electric eels
  A lava snake (Elf:2)
  8 crimson imps
  A quasit (D:13)
  7 centaur zombies
  3 bullfrog zombies
  5 hounds
  4 jellies
  17 orc priests
  2 bullfrog skeletons
  3 centaur skeletons
  An iguana (D:9)
  29 orc wizards
  9 worker ants
  A hound skeleton (D:8)
  2 worker ant zombies
  5 gnolls
  12 adders
  8 shadow imps
  5 white imps (IceCv)
  11 ufetubi
  2 oozes
  An adder zombie (D:7)
  2 worms
  A dart slug (D:3)
  8 leopard geckos
  74 orcs
  2 giant cockroaches (D:4)
  4 goblins
  5 hobgoblins
  2 jackals (D:6)
  14 kobolds
  A quokka (D:4)
  A ball python (D:4)
  8 bats
  2 frilled lizards
  A giant cockroach zombie (D:4)
  A jackal skeleton (D:5)
  7 rats
  2 plants
  13 tentacles
1457 creatures vanquished.

Vanquished Creatures (collateral kills)
  Margery (Vaults:4)
  Arachne (Spider:1)
  A tentacled monstrosity (Vaults:2)
  A deep elf blademaster (Elf:3)
  A deep elf master archer (Elf:3)
  A kraken (Shoals:1)
  2 sphinxes (Vaults:2)
  A deep elf sorcerer (Elf:3)
  Roxanne (Spider:4)
  A frost giant (Depths:1)
  2 vault wardens
  A deep elf elementalist (Elf:3)
  2 very ugly things (Vaults:2)
  A war gargoyle (Depths:2)
  A stone giant (Vaults:2)
  An entropy weaver (Vaults:3)
  2 deep elf demonologists (Elf:3)
  6 deep elf annihilators (Elf:3)
  A death ooze (Depths:1)
  2 fire dragons
  2 deep elf high priests (Elf:3)
  An ogre mage (Vaults:1)
  2 deep elf death magi (Elf:3)
  A hydra (D:15)
  A merfolk avatar (Shoals:1)
  3 two-headed ogres
  2 centaur warriors
  5 dancing weapons
  A deep elf knight (Elf:3)
  3 flayed ghosts
  A deep troll (Vaults:1)
  A wizard (Vaults:3)
  3 deep elf archers
  2 ironbrand convokers
  3 orc knights
  An obsidian statue (Vaults:2)
  A harpy (Lair:6)
  9 deep elf magi
  9 orb spiders
  2 ugly things (Vaults:2)
  2 wolf spiders
  A centaur zombie (D:15)
  An elephant (shapeshifter) (Vaults:2)
  A black mamba (Lair:2)
  3 elephants (Lair:4)
  A molten gargoyle (Elf:2)
  3 yaktaurs
  2 demonic crawlers
  A komodo dragon (Lair:6)
  2 rime drakes
  A troll (D:9)
  3 ice devils (IceCv)
  A wind drake (Lair:6)
  4 jumping spiders
  9 hornets
  3 slime creatures
  A dream sheep (Lair:6)
  A snapping turtle (Shoals:1)
  11 redbacks
  4 tarantellas
  A wyvern (Lair:6)
  A basilisk (D:15)
  A vampire mosquito (D:14)
  4 yaks (Lair:3)
  4 hungry ghosts
  A fire elemental (Elf:3)
  3 wargs
  A water moccasin (Lair:6)
  A phantom (D:9)
  A porcupine (Lair:5)
  7 orc warriors
  A slave (D:7)
  6 ogres
  4 wolves
  4 centaurs (Lair:4)
  5 crocodiles (Lair:6)
  A bullfrog (Lair:2)
  A gnoll sergeant (D:9)
  4 killer bees (D:12)
  4 wights
  2 howler monkeys (D:14)
  2 crimson imps
  6 orc priests
  A jelly (D:5)
  7 orc wizards
  A worker ant (D:9)
  Robin (D:2)
  2 gnolls (D:9)
  3 white imps (IceCv)
  An ufetubus (IceCv)
  An ooze (D:2)
  A dart slug (D:4)
  28 orcs
  A giant cockroach (D:6)
  8 goblins
  6 hobgoblins
  2 jackals (D:6)
  3 bats (D:1)
  A frilled lizard (D:5)
  3 kobolds (D:1)
  A rat (D:2)
  2 fungi
  A tentacle (Shoals:1)
277 creatures vanquished.

Vanquished Creatures (others)
  A tengu reaver (Depths:2)
  A frost giant (Vaults:3)
  An ironheart preserver (Vaults:2)
  A stone giant (Vaults:2)
  A deep elf demonologist (Elf:1)
  An ogre mage (Vaults:3)
  An orc high priest (Orc:2)
  4 hell knights (Vaults:4)
  An ironbrand convoker (Vaults:2)
  A wizard (Vaults:2)
  An orc knight (Vaults:2)
  2 deep elf magi
  An ugly thing (D:14)
  A gargoyle (D:13)
  5 yaktaurs
  A tengu conjurer (Depths:2)
  A vampire mosquito (D:14)
  A boggart (Depths:1)
  A spectral ogre (Depths:2)
  An orc wizard (D:5)
  2 white imps (IceCv)
  3 ufetubi (IceCv)
  A kobold (D:11)
  15 fungi
  25 plants
  122 tentacles
196 creatures vanquished.

Grand Total: 1930 creatures vanquished

Notes
Turn   | Place    | Note
-------+----------+-------------------------------------------
     0 | D:1      | Chimkentus the Octopode Summoner began the quest for the
                  | Orb.
     0 | D:1      | Reached XP level 1. HP: 11/11 MP: 3/3
   173 | D:1      | Reached XP level 2. HP: 17/17 MP: 3/5
   177 | D:1      | Learned a level 2 spell: Call Imp
   724 | D:2      | Noticed Sigmund
   799 | D:2      | Killed Sigmund
   799 | D:2      | Reached skill level 1 in Fighting
   799 | D:2      | Reached skill level 5 in Summonings
   799 | D:2      | Reached XP level 3. HP: 24/24 MP: 7/7
   799 | D:2      | Reached XP level 4. HP: 29/29 MP: 8/8
   799 | D:2      | Reached XP level 5. HP: 34/34 MP: 9/9
  1183 | D:2      | Noticed Robin
  1194 | D:2      | Killed Robin
  1228 | D:2      | Learned a level 1 spell: Confusing Touch
  1343 | D:2      | Reached XP level 6. HP: 29/39 MP: 10/10
  1778 | D:3      | Found a sacrificial altar of Ru.
  1778 | D:3      | Found a shimmering altar of Xom.
  1788 | D:3      | Found a glowing golden altar of the Shining One.
  1788 | D:3      | Found an ancient bone altar of Kikubaaqudgha.
  1790 | D:3      | Found a hide-covered altar of Uskayaw.
  1790 | D:3      | Found a sparkling altar of Nemelex Xobeh.
  1928 | D:3      | Found a radiant altar of Vehumet.
  2095 | D:2      | Learned a level 3 spell: Call Canine Familiar
  2099 | D:2      | Learned a level 3 spell: Summon Guardian Golem
  2128 | D:3      | Found a sparkling altar of Nemelex Xobeh.
  2600 | D:4      | Found a staircase to the Ecumenical Temple.
  2607 | Temple   | Entered the Ecumenical Temple
  2736 | Temple   | Became a worshipper of Dithmenos the Shadowed
  3009 | D:5      | Entered Level 5 of the Dungeon
  3029 | D:5      | Noticed a wyvern
  3047 | D:5      | Killed a wyvern
  3047 | D:5      | Reached XP level 7. HP: 33/45 MP: 0/12
  3228 | D:4      | Noticed Eustachio
  3241 | D:4      | Killed Eustachio
  3241 | D:4      | Reached skill level 1 in Short Blades
  3241 | D:4      | Reached skill level 5 in Stealth
  3312 | D:4      | Found Igruqink's Book Shoppe.
  3639 | D:4      | Found a runed translucent gate.
  3671 | D:4      | Found a runed translucent gate.
  3671 | D:4      | Found a runed translucent gate.
  3676 | D:4      | Noticed alpinistek's ghost (amateur DsFE)
  3883 | D:5      | Reached skill level 1 in Hexes
  4001 | D:5      | Reached XP level 8. HP: 46/52 MP: 9/14
  4033 | D:5      | Reached * piety under Dithmenos
  4531 | D:5      | Found Innugogh's Antique Armour Shoppe.
  4765 | D:5      | Learned a level 3 spell: Confuse
  4788 | D:6      | Got a bloodstained mace
  4872 | D:4      | Bought a book of Minor Magic for 200 gold pieces
  4875 | D:4      | Learned a level 2 spell: Blink
  5136 | D:6      | Found a shattered altar of Ashenzari.
  5321 | D:7      | Noticed Harold
  5330 | D:7      | Noticed Pikel
  5895 | D:6      | Identified the +8 mace of Discord {venom, +Inv} (You found
                  | it on level 6 of the Dungeon)
  6104 | D:7      | Noticed Dowan
  6109 | D:7      | Noticed Duvessa
  6116 | D:7      | Killed Duvessa
  6245 | D:7      | Killed Dowan
  6310 | D:7      | Reached skill level 5 in Dodging
  6313 | D:7      | Got an iridescent quarterstaff
  6466 | D:7      | Killed Harold
  6466 | D:7      | Reached skill level 5 in Spellcasting
  6466 | D:7      | Reached XP level 9. HP: 59/59 MP: 6/16
  6532 | D:6      | Reached ** piety under Dithmenos
  6760 | D:7      | Identified the +5 quarterstaff of Sudden Death {venom, rN+
                  | MR+} (You found it on level 7 of the Dungeon)
  7276 | D:8      | Noticed a two-headed ogre
  7328 | D:8      | Found Zarutiki's Antique Armour Emporium.
  7491 | D:8      | Reached skill level 5 in Fighting
  7519 | D:8      | Noticed a two-headed ogre
  7528 | D:8      | Killed a two-headed ogre
  7528 | D:8      | Reached skill level 1 in Staves
  7528 | D:8      | Reached XP level 10. HP: 60/66 MP: 18/18
  7645 | D:9      | Reached *** piety under Dithmenos
  7674 | D:9      | Noticed a two-headed ogre
  7737 | D:9      | Found a flagged portal.
  7742 | Bailey   | Entered a bailey
  7742 | Bailey   | Noticed an orc knight
  7859 | Bailey   | Killed an orc knight
  7912 | Bailey   | Reached skill level 5 in Hexes
  8047 | Bailey   | Noticed an orc knight
  8062 | Bailey   | Killed an orc knight
  8069 | Bailey   | Got a polished short sword
  8087 | Bailey   | Identified the +11 short sword "Ohin" {pierce, SInv} (You
                  | found it in a bailey)
  8513 | D:10     | Entered Level 10 of the Dungeon
  8566 | D:10     | Found Idathaumm's Book Boutique.
  8638 | D:10     | Found Nejonn's Antique Armour Boutique.
  8640 | D:10     | Bought a shiny buckler for 180 gold pieces
  8672 | D:10     | Found Catris Puteo's Armour Emporium.
  8707 | D:10     | Reached skill level 5 in Evocations
  8719 | D:9      | Killed a two-headed ogre
  8719 | D:9      | Reached XP level 11. HP: 72/72 MP: 16/20
  8981 | D:8      | Reached skill level 1 in Shields
  8993 | D:8      | Bought a warped shield for 266 gold pieces
  9003 | D:8      | Identified the cursed +0 shield of Sastoy {-Cast Regen+
                  | Str+2} (You bought it in a shop on level 8 of the Dungeon)
  9059 | D:8      | Killed a two-headed ogre
  9091 | D:8      | Found a staircase to the Lair.
  9531 | D:7      | Killed Pikel
  9668 | D:10     | Reached **** piety under Dithmenos
  9676 | D:10     | Found Ulunyurai's Gadget Shoppe.
  9678 | D:10     | Found Qorotyep's Assorted Antiques.
  9693 | D:10     | Bought a viscous orange potion for 19 gold pieces
  9693 | D:10     | Bought a scroll labeled SUCSAD BIYDU for 22 gold pieces
  9693 | D:10     | Bought a scroll labeled NASIECWUJOTZ for 22 gold pieces
  9703 | D:10     | Bought a wand of acid (10) for 336 gold pieces
 10071 | D:11     | Noticed a soul eater
 10162 | D:11     | Noticed a two-headed ogre
 10170 | D:11     | Noticed a two-headed ogre
 10209 | D:11     | Killed a two-headed ogre
 10364 | D:11     | Noticed a death knight
 10370 | D:11     | Killed a death knight
 10479 | D:11     | Killed a two-headed ogre
 10558 | D:11     | Noticed a cyclops
 10587 | D:11     | Killed a cyclops
 10681 | D:11     | Found a portal to a secret trove of treasure.
 10711 | D:11     | Noticed a red ugly thing
 10714 | D:11     | Killed a red ugly thing
 10714 | D:11     | Reached skill level 1 in Throwing
 11334 | Lair:1   | Entered Level 1 of the Lair of Beasts
 11366 | Lair:1   | Reached XP level 12. HP: 80/80 MP: 22/22
 11636 | Lair:1   | Upgraded the game from 0.24-a0-439-g6dd8730de2 to
                  | 0.24-a0-441-g27f0392e16
 12321 | Lair:1   | Reached skill level 1 in Invocations
 12645 | Lair:1   | Learned a level 4 spell: Summon Lightning Spire
 12649 | Lair:1   | Learned a level 3 spell: Mephitic Cloud
 13334 | Lair:2   | Reached skill level 5 in Shields
 13649 | Lair:3   | Reached skill level 5 in Short Blades
 13760 | Lair:3   | Noticed Sonja
 13763 | Lair:3   | Killed Sonja
 13878 | Lair:3   | Reached XP level 13. HP: 88/88 MP: 24/24
 14454 | Lair:4   | Found a frozen archway.
 14464 | IceCv    | Entered an ice cave
 14666 | IceCv    | Reached skill level 10 in Stealth
 14964 | IceCv    | Noticed a reaper
 14999 | IceCv    | Killed a reaper
 15409 | Lair:4   | Reached ***** piety under Dithmenos
 15858 | Lair:4   | Found a staircase to the Shoals.
 15879 | Lair:4   | Reached skill level 1 in Poison Magic
 16198 | Lair:4   | Found a hole to the Spider Nest.
 16742 | Lair:5   | Found a staircase to the Slime Pits.
 17183 | Lair:6   | Entered Level 6 of the Lair of Beasts
 17320 | Lair:6   | Reached skill level 5 in Invocations
 17925 | Lair:6   | Reached XP level 14. HP: 88/95 MP: 26/26
 18671 | Lair:6   | Reached skill level 1 in Air Magic
 19805 | D:12     | Noticed Maurice
 19808 | D:12     | Killed Maurice
 19898 | D:12     | Reached skill level 1 in Translocations
 19941 | D:12     | Reached skill level 10 in Dodging
 19947 | D:12     | Identified a scroll of acquirement
 19948 | D:12     | Got a spiked shield
 19959 | D:12     | Identified the +0 shield of Knowledge {+Fly Str+2 Dex+2}
                  | (You acquired it on level 12 of the Dungeon)
 19998 | D:12     | Found Xyidutah's Food Shoppe.
 20108 | D:12     | Found a staircase to the Orcish Mines.
 20907 | Orc:1    | Entered Level 1 of the Orcish Mines
 21162 | Orc:1    | Found a roughly hewn altar of Beogh.
 21319 | Orc:2    | Entered Level 2 of the Orcish Mines
 21426 | Orc:1    | Noticed Erica
 21445 | Orc:1    | Noticed Erolcha
 21447 | Orc:1    | Killed Erica
 21460 | Orc:1    | Killed Erolcha
 21732 | Orc:2    | Found a staircase to the Elven Halls.
 21770 | Orc:2    | Found a roughly hewn altar of Beogh.
 22132 | Orc:2    | Reached skill level 1 in Conjurations
 22418 | Orc:2    | Found Fani's Food Shoppe.
 22428 | Orc:2    | Found Xats's Weapon Boutique.
 22779 | Orc:2    | Reached XP level 15. HP: 97/101 MP: 13/28
 22996 | Orc:2    | Found Efuhioj's Weapon Shoppe.
 23010 | Orc:2    | Found Xeerab's Magic Scroll Boutique.
 23179 | Orc:2    | Bought a scroll of teleportation for 54 gold pieces
 23179 | Orc:2    | Bought a scroll of teleportation for 54 gold pieces
 23179 | Orc:2    | Bought a scroll of identify for 36 gold pieces
 23179 | Orc:2    | Bought a scroll of identify for 36 gold pieces
 23179 | Orc:2    | Bought a scroll of identify for 36 gold pieces
 23179 | Orc:2    | Bought a scroll of identify for 36 gold pieces
 23916 | D:13     | Found a gate to the Vaults.
 24355 | D:13     | Got a slimy hand crossbow
 24613 | D:13     | Identified the cursed +1 hand crossbow of Radicalism
                  | {velocity, Int+2} (You found it on level 13 of the Dungeon)
 24648 | D:12     | Reached ****** piety under Dithmenos
 26285 | D:15     | Entered Level 15 of the Dungeon
 26374 | D:14     | Learned a level 5 spell: Summon Mana Viper
 26643 | D:15     | Noticed Kirke
 26653 | D:15     | Reached skill level 10 in Spellcasting
 26847 | D:14     | Learned a level 5 spell: Aura of Abjuration
 27075 | D:15     | Reached skill level 10 in Fighting
 27703 | D:15     | Killed Kirke
 27847 | D:15     | Found Cawkanute's Magic Scroll Shop.
 27851 | D:15     | Bought a scroll of teleportation for 45 gold pieces
 27851 | D:15     | Bought a scroll of teleportation for 45 gold pieces
 27851 | D:15     | Bought a scroll of identify for 30 gold pieces
 27851 | D:15     | Bought a scroll of blinking for 112 gold pieces
 27851 | D:15     | Bought a scroll of identify for 30 gold pieces
 27879 | D:15     | Reached XP level 16. HP: 94/109 MP: 30/30
 27951 | D:15     | Found a staircase to the Depths.
 28412 | Spider:1 | Entered Level 1 of the Spider Nest
 30962 | Spider:2 | Noticed Arachne
 30966 | Spider:2 | You fall into a shaft and drop 1 floor!
 32715 | Elf:1    | Entered Level 1 of the Elven Halls
 33028 | Elf:1    | Identified the Grimoire of the Five Mice
 33074 | Elf:1    | Learned a level 1 spell: Summon Butterflies
 33436 | Elf:1    | Found a flickering gateway to a bazaar.
 33449 | Bazaar   | Entered a bazaar
 33449 | Bazaar   | Found Feron's Gadget Boutique.
 33449 | Bazaar   | Found Retot Rafe's General Store.
 33449 | Bazaar   | Found Icuesux's Armour Shop.
 33451 | Bazaar   | Found Erygylos's Book Emporium.
 33506 | Bazaar   | Bought a potion of curing for 30 gold pieces
 33526 | Bazaar   | Upgraded the game from 0.24-a0-441-g27f0392e16 to
                  | 0.24-a0-443-g80245de385
 33538 | Bazaar   | Bought a book of Spatial Translocations for 1105 gold
                  | pieces
 33541 | Bazaar   | Learned a level 2 spell: Shroud of Golubria
 33548 | Bazaar   | Bought a wand of digging (8) for 240 gold pieces
 34660 | Spider:1 | Killed Arachne
 34660 | Spider:1 | Reached skill level 10 in Invocations
 35987 | Spider:2 | Reached skill level 10 in Shields
 36026 | Spider:1 | Reached XP level 17. HP: 117/117 MP: 4/31
 36193 | Spider:2 | Got a crude falchion
 36195 | Spider:2 | Identified the +4 falchion of Ceymmef {slice, MR+ Int+2
                  | Dex-4} (You found it on level 2 of the Spider Nest)
 36646 | Spider:4 | Entered Level 4 of the Spider Nest
 37120 | Spider:4 | Upgraded the game from 0.24-a0-443-g80245de385 to
                  | 0.24-a0-445-gd5110b030a
 37397 | Spider:4 | Reached skill level 1 in Charms
 37670 | Spider:4 | Noticed Roxanne
 38013 | Spider:4 | Noticed Asterion
 38593 | Spider:3 | Killed Asterion
 39360 | Spider:4 | Learned a level 4 spell: Passage of Golubria
 39421 | Spider:4 | Got a gossamer rune of Zot
 39473 | Spider:4 | Reached skill level 10 in Hexes
 40588 | Spider:4 | Killed Roxanne
 40993 | D:10     | Bought a potion of heal wounds for 110 gold pieces
 40993 | D:10     | Bought a potion of heal wounds for 110 gold pieces
 41094 | Vaults:1 | Entered Level 1 of the Vaults
 41832 | Vaults:1 | Found a gateway to a bazaar.
 41868 | Bazaar   | Entered a bazaar
 41868 | Bazaar   | Found Kaotaec's Magic Scroll Shop.
 41868 | Bazaar   | Found Zeacyavvu's Armour Boutique.
 41868 | Bazaar   | Found Jiomia's Armour Boutique.
 41868 | Bazaar   | Found Daameunu's Food Boutique.
 41868 | Bazaar   | Found Fadgheaq's General Store.
 41868 | Bazaar   | Found Xakoec's Magic Scroll Shop.
 41918 | Bazaar   | Bought a scroll of blinking for 75 gold pieces
 41918 | Bazaar   | Bought a scroll of teleportation for 30 gold pieces
 41922 | Bazaar   | Bought a scroll of teleportation for 27 gold pieces
 41939 | Bazaar   | Bought a scroll of magic mapping for 35 gold pieces
 41939 | Bazaar   | Bought a scroll of fear for 35 gold pieces
 42135 | Vaults:1 | Reached skill level 5 in Translocations
 42173 | Vaults:1 | Reached XP level 18. HP: 112/124 MP: 15/33
 42544 | Vaults:1 | You fall into a shaft and drop 1 floor!
 43269 | Vaults:2 | Got a steaming hand axe
 43274 | Vaults:2 | Identified the +2 hand axe "Zitora" {drain, Int+3} (You
                  | found it on level 2 of the Vaults)
 44613 | Vaults:2 | Found a staircase to the Crypt.
 45420 | Vaults:2 | Found a runed translucent gate.
 45421 | Vaults:2 | Found a runed translucent gate.
 45421 | Vaults:2 | Found an opulent altar of Gozag.
 45422 | Vaults:2 | Found a runed translucent gate.
 45445 | Vaults:2 | Found Niaxett's Assorted Antiques.
 45446 | Vaults:2 | Noticed Taschum's ghost (adept DrAK)
 45955 | Vaults:2 | Noticed a tentacled monstrosity
 46232 | Vaults:2 | Killed a tentacled monstrosity
 46734 | Vaults:3 | Noticed Jory
 46750 | Vaults:3 | Killed Jory
 47002 | Vaults:3 | Found Halel's Assorted Antiques.
 47159 | Vaults:3 | Gained mutation: You are partially covered in large bone
                  | plates. (SH +4) [potion of mutation]
 47159 | Vaults:3 | Gained mutation: You are frail. (-10% HP) [potion of
                  | mutation]
 47159 | Vaults:3 | Gained mutation: You are very frail. (-20% HP) [potion of
                  | mutation]
 47159 | Vaults:3 | Gained mutation: Your system is resistant to poisons.
                  | (rPois) [potion of mutation]
 47200 | Vaults:3 | Reached XP level 19. HP: 104/104 MP: 25/35
 47203 | Vaults:3 | Reached skill level 10 in Summonings
 47814 | D:8      | Lost mutation: You are very frail. (-20% HP) [potion of
                  | mutation]
 47814 | D:8      | Lost mutation: You are frail. (-10% HP) [potion of
                  | mutation]
 47814 | D:8      | Gained mutation: Your flesh is heat resistant. (rF+)
                  | [potion of mutation]
 47814 | D:8      | Gained mutation: You are agile. (Dex +2) [potion of
                  | mutation]
 47814 | D:8      | Lost mutation: Your flesh is heat resistant. (rF+) [potion
                  | of mutation]
 47814 | D:8      | Gained mutation: Your flesh is cold resistant. (rC+)
                  | [potion of mutation]
 48786 | Elf:2    | Found a huge runed translucent gate.
 48786 | Elf:2    | Found a huge runed translucent gate.
 48786 | Elf:2    | Found a huge runed translucent gate.
 48786 | Elf:2    | Found a huge runed translucent gate.
 48786 | Elf:2    | Found a huge runed translucent gate.
 48929 | Elf:2    | Found a runed translucent gate.
 48929 | Elf:2    | Found a runed translucent gate.
 48929 | Elf:2    | Noticed Kojohuesch's ghost (veteran GrFi)
 48930 | Elf:2    | Found a runed translucent gate.
 49208 | Elf:3    | Entered Level 3 of the Elven Halls
 49683 | Elf:3    | Noticed Nikola
 49709 | Elf:3    | Killed Nikola
 50144 | Elf:3    | Identified the ring "Vilueq" {+Blink rF++ rCorr Str-2
                  | Int+4}
 51037 | Elf:3    | Identified the ring "Woheuw" {MR+ AC+2}
 51178 | Elf:3    | Identified the +7 long sword of Sin {flame, rElec}
 51178 | Elf:3    | Identified the amulet "Qanotao" {Spirit rC+}
 51478 | Elf:3    | Identified the +2 hand crossbow of Pigunk {speed, -Tele rC+
                  | Str+3 Int+4} (You found it on level 3 of the Elven Halls)
 51490 | Elf:3    | Identified the +6 long sword of Mandamus {slice, MP+9 Str+6
                  | Dex-3}
 51508 | Elf:3    | Identified the amulet "Nezet" {rN+ Regen+}
 51512 | Elf:3    | Noticed a Hell Sentinel
 51527 | Elf:3    | Noticed a Hell Sentinel
 51723 | Elf:3    | Identified the Volume of Congealing Confrontation
 51986 | D:8      | Learned a level 3 spell: Dazzling Spray
 51990 | D:8      | Learned a level 3 spell: Regeneration
 52855 | Orc:2    | Learned a level 1 spell: Beastly Appendage
 52983 | D:8      | Upgraded the game from 0.24-a0-445-gd5110b030a to
                  | 0.24-a0-446-g87df7205b4
 53096 | Shoals:1 | Entered Level 1 of the Shoals
 53096 | Shoals:1 | Found Quhurchehoe's Antique Armour Boutique.
 53099 | Shoals:1 | Bought a shiny buckler for 135 gold pieces
 53793 | Shoals:1 | Found Humparuy's Weapon Shop.
 53978 | Shoals:1 | Found Xuoxoenn's Food Shoppe.
 54302 | Shoals:1 | Bought the +7 Spriggan's Knife {stab, EV+4 Stlth+} for 890
                  | gold pieces
 54302 | Shoals:1 | Found the +7 Spriggan's Knife {stab, EV+4 Stlth+}
 55483 | Shoals:2 | Reached XP level 20. HP: 139/139 MP: 37/37
 56732 | Shoals:4 | Entered Level 4 of the Shoals
 56956 | Shoals:4 | Found Sutsaplab's Magic Scroll Emporium.
 56964 | Shoals:4 | Bought a scroll of blinking for 112 gold pieces
 56964 | Shoals:4 | Bought a scroll of teleportation for 45 gold pieces
 56964 | Shoals:4 | Bought a scroll of teleportation for 45 gold pieces
 57355 | Shoals:4 | Reached skill level 1 in Necromancy
 58767 | Shoals:4 | Got a barnacled rune of Zot
 58832 | Shoals:4 | Noticed Polyphemus
 58899 | Shoals:4 | Killed Polyphemus
 59678 | D:4      | Killed alpinistek's ghost
 59982 | Vaults:1 | Killed Taschum's ghost
 60758 | Vaults:3 | Found Ygrut's Magic Scroll Emporium.
 60762 | Vaults:3 | Found Kyedo's Antique Weapon Shop.
 60787 | Vaults:3 | Found Odwog's Armour Shop.
 60946 | Vaults:3 | Reached skill level 1 in Transmutations
 61341 | Vaults:3 | Reached XP level 21. HP: 109/145 MP: 35/38
 62397 | Vaults:4 | Noticed Margery
 62432 | Vaults:4 | Killed Margery
 63334 | D:10     | Bought a lamp of fire for 480 gold pieces
 63552 | Depths:1 | Entered Level 1 of the Depths
 63744 | Depths:1 | Found a runed translucent door.
 63870 | Depths:1 | Found a gateway to Hell.
 64050 | Depths:1 | Upgraded the game from 0.24-a0-446-g87df7205b4 to
                  | 0.24-a0-451-g263dff2034
 64890 | Depths:1 | Reached skill level 5 in Air Magic
 65721 | Depths:1 | Reached XP level 22. HP: 112/153 MP: 20/40
 66371 | D:8      | Learned a level 3 spell: Ignite Poison
 66380 | D:8      | Learned a level 5 spell: Metabolic Englaciation
 66979 | Depths:2 | Upgraded the game from 0.24-a0-451-g263dff2034 to
                  | 0.24-a0-458-gfcb5e6da0e
 67398 | Depths:2 | Reached skill level 10 in Evocations
 67648 | Depths:2 | Noticed Sojobo
 67930 | Depths:3 | Noticed a golden dragon
 67937 | Depths:3 | Paralysed by a floating eye for 4 turns
 68098 | Depths:3 | Found a one-way gate leading to the halls of Pandemonium.
 68452 | Depths:2 | Paralysed by a floating eye for 2 turns
 68495 | Depths:2 | HP: 4/154 [Sojobo/the air (19)]
 68497 | Depths:2 | Killed from afar by Sojobo

Levels and vault maps discovered:
D:1:      scummos_arrival_simple_fountains, layout_basic
D:2:      layout_loops_cross, first_ration, uniq_robin, uniq_sigmund
D:3:      layout_basic, grunt_temple_overflow_open, overflow_temple_1_default,
          nemelex_dance_club_becter
D:4:      layout_cave_pods, minmay_temple_entry_mist, ebering_ghost_rock_garden,
          serial_shops, shop, uniq_eustachio
D:5:      layout_loops_cross, serial_shops, shop
D:6:      layout_basic, evilmike_ruin_ashenzari, item_on_display_b
D:7:      layout_loops_ring, uniq_harold, uniq_pikel, uniq_duvessa
D:8:      layout_basic, lair_entry_dummy, serial_shops, kennysheep_little_box
D:9:      layout_big_octagon, enter_bailey_8
D:10:     layout_roguey, serial_shops, nicolae_shop_competitors_out_of_business,
          shop, nicolae_shop_trees, shop, nicolae_shop_statue_plus
D:11:     layout_basic, enter_trove_1
D:12:     layout_roguey, david_orc_3, serial_shops, shop, uniq_maurice
D:13:     layout_long_grid, hangedman_vaults_entry_quadrant_bands
D:14:     minmay_angry_zag, layout_loops_ring, minmay_misc_feat_room,
          grunt_livestock, hex_large, st_stairs_9
D:15:     hangedman_depths_entry_civil_slaughter, layout_cave_pools,
          serial_shops, shop, serial_bayou_pond_a, uniq_kirke
Temple:   eino_narrow_crystal_temple
Lair:1:   layout_gridlike, grunt_forest_large_clearings, serial_bayou_shore_b,
          grunt_megastairs_1, infiniplex_staircase_pool_2
Lair:2:   beast_lair_carwin_large_3, layout_chaotic_city, guppyfry_lair_drakes
Lair:3:   layout_gridlike, uniq_sonja
Lair:4:   layout_cave_pods, minmay_shoals_entry_centaurs,
          spider_nest_entry_webs, serial_rivers, chequers_serial_rivers_marsh,
          chequers_serial_rivers_micro_d, chequers_serial_rivers_large_b,
          chequers_serial_rivers_small_3, chequers_serial_rivers_small_3,
          chequers_serial_rivers_large_a, portal_ice_cave_entry_pillars_2,
          lemuel_fruit_tree, serial_bayou_shore_b
Lair:5:   layout_roguey, slime_dummy
Lair:6:   gammafunk_lair_ancient_temple, layout_regular_city, st_stairs_6
Shoals:1: layout_shoals, serial_shops, shop, nicolae_shop_waterfront, shop
Shoals:2: layout_shoals
Shoals:3: layout_shoals
Shoals:4: shoals_end_hangedman, layout_shoals, serial_shops, shop,
          nicolae_shoals_kraken_party, uniq_polyphemus
Spider:1: layout_chambers, guppyfry_hornet_nest
Spider:2: layout_spider_delve, uniq_arachne
Spider:3: layout_spider_delve
Spider:4: johnstein_spider_rune_arachne_lair, spiders_nest_hornet_nest,
          uniq_roxanne, uniq_asterion
Orc:1:    layout_diamond_mine, basic_altar, uniq_erica, uniq_erolcha
Orc:2:    st_orc_elflike, layout_caves, basic_altar, nooodl_orcs_dogs
Elf:1:    eino_elf_arrival_customs, layout_geoelf_octagon, serial_shops,
          freezing_bzr, minmay_elf_demonology, drop_trap,
          minmay_misc_feat_columns
Elf:2:    layout_loops_ring, ebering_ghost_rock_garden,
          hangedman_elven_pyramids, st_stairs_5, grunt_ministairs_8, minivault_8
Elf:3:    grunt_elf_hall_diamonds, layout_onion_city, uniq_nikola
Vaults:1: v_pattern_4, nicolae_vaults_triangles, hangedman_vaults_capsules,
          v_misc_15, hangedman_vaults_trim, nicolae_vaults_little_squares_4,
          v_misc_33, nicolae_vaults_rhombus_5, layout_vaults_big_room,
          serial_shops, statue_bzr
Vaults:2: ebering_vaults_ghost_gozag, vaults_room_pool, v_misc_18,
          minmay_crypt_entry_simple_walls, nicolae_vaults_network_star,
          hangedman_vaults_slice, vaults_standard_mumra_x,
          nicolae_vaults_rhombus_7, v_misc_10, ontoclasm_vaults_tryst,
          nicolae_vaults_theta, vaults_room_hallway, ontoclasm_vaults_pinch,
          st_hourglassy, layout_vaults_maze_bifur
Vaults:3: hangedman_vaults_nails, v_misc_27, v_misc_15, v_alt_pattern_6,
          vaults_dpeg_diagonal, nicolae_vaults_angled_halls,
          vaults_room_door_hall, vaults_dpeg_doors,
          ontoclasm_vaults_ring_square, grunt_vaults_swirl,
          ontoclasm_vaults_decontamination, vaults_room_pool,
          layout_vaults_omnicross, serial_shops, shop_fountains, shop,
          nicolae_shop_overgrown_old_shop, shop, uniq_jory
Vaults:4: v_misc_2, v_misc_9, nicolae_vaults_big_ls, hangedman_vaults_trim,
          serial_ice_g, v_pattern_5, v_rooms_3, vaults_mumra_lcd,
          ontoclasm_vaults_ring_square, vaults_room_pool,
          ontoclasm_vaults_ring_small, ontoclasm_vaults_shuriken,
          layout_vaults_omnibox, uniq_margery
Depths:1: layout_long_grid, pf_hell_entry_tar_spiral, nicolae_sextant,
          serial_sigils_hangedman_etch, minmay_acid_items
Depths:2: lemuel_river_lethe, hell_entry, uniq_sojobo
Depths:3: minmay_containers, layout_gridlike, enter_ziggurat_a, pan_entry,
          hangedman_abyss_or_decor_passed, hell_entry, abyss_entry,
          chequers_serial_rivers_micro_e, abandoned_shop, evilmike_minifort

Skill      XL: |  1  2  3  4  5  6  7  8  9 10 11 12 13 14 15 16 17 18 19 20 21 22 |
---------------+-------------------------------------------------------------------+-----
Stealth        | 3 4 5 6 7 8 9 10 11 12 | 12.0
Fighting       | 1 2 3 4 5 6 7 8 9 10 11 12 13 14 | 14.0
Summonings     | 5 6 7 8 9 10 | 10.5
Spellcasting   | 3 4 5 6 7 8 9 10 11 12 13 14 | 14.3
Dodging        | 3 4 5 7 8 9 10 11 12 13 14 | 14.5
Short Blades   | 1 2 4 5 6 7 8 9 |  9.7
Hexes          | 1 3 4 6 7 8 9 10 11 | 11.6
Evocations     | 2 3 5 6 7 8 9 10 | 10.0
Staves         | 1 2 |  2.7
Shields        | 3 5 6 8 9 10 11 12 13 | 13.1
Throwing       | 1 2 3 4 |  4.7
Invocations    | 3 5 7 9 10 11 12 13 14 | 14.0
Poison Magic   | 1 2 3 |  3.3
Air Magic      | 2 3 4 5 |  5.2
Translocations | 1 2 5 6 7 8 |  8.0
Conjurations   | 1 2 4 |  4.8
Charms         | 1 2 3 |  3.8
Necromancy     | 1 2 |  2.0
Transmutations | 1 |  1.5
Long Blades    | |  0.2
Maces & Flails | |  0.3
Polearms       | |  0.1
Unarmed Combat | |  0.5
Fire Magic     | |  0.6

Action                   |  1- 3 |  4- 6 |  7- 9 | 10-12 | 13-15 | 16-18 | 19-21 | 22-24 || total
-------------------------+-------+-------+-------+-------+-------+-------+-------+-------++-------
Melee: Unarmed           |    17 |       |       |       |       |       |       |       ||    17
       Constrict         |    14 |    19 |    27 |    68 |   127 |   209 |   150 |     9 ||   623
       Club              |    18 |       |       |       |       |       |       |       ||    18
       Dagger            |     8 |    53 |   128 |     6 |       |       |       |       ||   195
       Tentacles         |     8 |     9 |    26 |    93 |   238 |   282 |   413 |    61 ||  1130
       Scythe            |       |     9 |       |       |       |       |       |       ||     9
       Spear             |       |    11 |       |       |       |       |       |       ||    11
       Mace              |       |       |     6 |       |       |     9 |       |       ||    15
       Quarterstaff      |       |       |    21 |    35 |       |       |       |       ||    56
       Short sword       |       |       |       |   381 |  1011 |  1109 |   832 |   174 ||  3507
       Punch             |       |       |       |     3 |     8 |     7 |     9 |       ||    27
       Demon whip        |       |       |       |       |     4 |       |       |       ||     4
       Knife             |       |       |       |       |       |       |   398 |       ||   398
       Kick              |       |       |       |       |       |       |   130 |    23 ||   153
       Long sword        |       |       |       |       |       |       |    17 |       ||    17
Throw: Stone             |       |     9 |     9 |     3 |       |       |       |       ||    21
       Throwing net      |       |       |     1 |     2 |       |       |     4 |       ||     7
       Dart              |       |       |       |    32 |    93 |    73 |   105 |     4 ||   307
       Boomerang         |       |       |       |       |    23 |    18 |    21 |       ||    62
       Javelin           |       |       |       |       |       |    36 |    60 |    21 ||   117
 Cast: Summon Small Mamm |     8 |     2 |       |       |       |       |       |       ||    10
       Call Imp          |     3 |    10 |    12 |    19 |     3 |       |       |       ||    47
       Confusing Touch   |       |     6 |    14 |    30 |    96 |   115 |    47 |     1 ||   309
       Call Canine Famil |       |     3 |    29 |    31 |    47 |    64 |    21 |       ||   195
       Summon Guardian G |       |     2 |    18 |    17 |    25 |    29 |    22 |     2 ||   115
       Confuse           |       |       |     4 |    42 |    82 |   169 |   129 |    12 ||   438
       Blink             |       |       |     1 |     5 |    14 |    25 |    25 |     6 ||    76
       Mephitic Cloud    |       |       |       |     3 |    52 |    12 |    89 |    31 ||   187
       Summon Lightning  |       |       |       |     1 |    78 |    92 |    57 |     6 ||   234
       Summon Mana Viper |       |       |       |       |     9 |    90 |    87 |    13 ||   199
       Shroud of Golubri |       |       |       |       |       |   110 |   111 |    14 ||   235
       Aura of Abjuratio |       |       |       |       |       |     3 |    10 |     2 ||    15
       Beastly Appendage |       |       |       |       |       |       |    65 |    14 ||    79
       Regeneration      |       |       |       |       |       |       |    89 |    16 ||   105
       Passage of Golubr |       |       |       |       |       |       |     2 |     3 ||     5
       Dazzling Spray    |       |       |       |       |       |       |    32 |    11 ||    43
       Ignite Poison     |       |       |       |       |       |       |       |    20 ||    20
       Metabolic Englaci |       |       |       |       |       |       |       |     2 ||     2
Invok: Shadow Step       |       |       |       |     9 |    11 |     8 |    10 |       ||    38
 Abil: Evoke Invisibilit |       |       |       |       |       |     1 |       |       ||     1
Evoke: Wand              |       |       |    10 |    15 |    58 |    30 |    83 |     2 ||   198
       Lightning rod     |       |       |       |       |    10 |    11 |    17 |       ||    38
       Sack of spiders   |       |       |       |       |       |     1 |       |       ||     1
       Box of beasts     |       |       |       |       |       |       |     5 |       ||     5
       Phantom mirror    |       |       |       |       |       |       |     2 |       ||     2
       Phial of floods   |       |       |       |       |       |       |     3 |     1 ||     4
       Fan of gales      |       |       |       |       |       |       |     1 |       ||     1
       Lamp of fire      |       |       |       |       |       |       |     3 |     1 ||     4
  Use: Scroll            |     6 |     4 |     6 |     8 |    23 |    15 |    10 |     7 ||    79
       Potion            |     1 |       |     1 |     3 |     1 |    14 |     5 |     3 ||    28
 Stab: Sleeping          |     4 |     9 |    20 |    37 |    52 |    87 |   119 |     4 ||   332
       Confused          |       |       |     2 |    22 |    95 |   113 |    94 |     6 ||   332
       Distracted        |       |       |     1 |     3 |     8 |    12 |     8 |     2 ||    34
       Held in net/web   |       |       |       |     1 |       |       |       |       ||     1
       Petrified         |       |       |       |     1 |       |       |       |       ||     1
       Paralysed         |       |       |       |       |     4 |     5 |     2 |       ||    11
       Invisible         |       |       |       |       |       |     2 |     2 |     1 ||     5
  Eat: Chunk             |       |     8 |    19 |    17 |    45 |    50 |    52 |     4 ||   195
       Ration            |       |       |       |     2 |     3 |    11 |     7 |     2 ||    25
Armor: Skin              |     8 |     3 |     3 |     1 |     2 |    57 |    18 |     1 ||    93
Dodge: Dodged            |    36 |    41 |    92 |   330 |   589 |   713 |   786 |   127 ||  2714
Block: Buckler           |       |       |       |   126 |   305 |   382 |   630 |    95 ||  1538
       Reflection        |       |       |       |     6 |    20 |    13 |    65 |     2 ||   106
       Rpst.: Long sword |       |       |       |       |       |       |     9 |       ||     9

Table legend:
 A = Non-vault XP
 B = Vault XP
 C = Vault XP percentage of total XP
 D = Non-vault monster count
 E = Vault monster count
 F = Vault count percentage of total count
                 A         B        C        D         E       F
            +---------+---------+-------+---------+---------+-------
      Total |  346606 |  284165 |  45.1 |    1155 |     579 |  33.4
            +---------+---------+-------+---------+---------+-------
        D:1 |      27 |       0 |   0.0 |      22 |       0 |   0.0
        D:2 |      78 |     253 |  76.4 |      19 |      13 |  40.6
        D:3 |      78 |      10 |  11.4 |      15 |       2 |  11.8
        D:4 |     128 |     403 |  75.9 |      14 |       2 |  12.5
        D:5 |     832 |       0 |   0.0 |      26 |       0 |   0.0
        D:6 |     533 |       0 |   0.0 |      30 |       0 |   0.0
        D:7 |     359 |    1617 |  81.8 |       9 |       4 |  30.8
        D:8 |    2606 |       0 |   0.0 |      21 |       0 |   0.0
        D:9 |    2430 |       0 |   0.0 |      33 |       0 |   0.0
       D:10 |    1503 |       0 |   0.0 |      12 |       0 |   0.0
       D:11 |    5784 |       0 |   0.0 |      43 |       0 |   0.0
       D:12 |   10358 |     739 |   6.7 |      59 |       7 |  10.6
       D:13 |    5835 |    5135 |  46.8 |      28 |      16 |  36.4
       D:14 |    9580 |    2773 |  22.4 |      43 |      12 |  21.8
       D:15 |   12232 |    7839 |  39.1 |      42 |      11 |  20.8
     Lair:1 |    2741 |    3923 |  58.9 |      15 |      33 |  68.8
     Lair:2 |    1869 |    1926 |  50.8 |       9 |      12 |  57.1
     Lair:3 |    3388 |     814 |  19.4 |      19 |       1 |   5.0
     Lair:4 |    5999 |    1136 |  15.9 |      18 |       9 |  33.3
     Lair:5 |    4304 |       0 |   0.0 |      18 |       0 |   0.0
     Lair:6 |    6765 |    9618 |  58.7 |      33 |      28 |  45.9
   Shoals:1 |    7692 |       0 |   0.0 |      11 |       0 |   0.0
   Shoals:2 |    9545 |       0 |   0.0 |      19 |       0 |   0.0
   Shoals:3 |    8482 |       0 |   0.0 |      17 |       0 |   0.0
   Shoals:4 |   20942 |   33511 |  61.5 |      37 |      41 |  52.6
   Spider:1 |   21396 |    3651 |  14.6 |      73 |       5 |   6.4
   Spider:2 |   10197 |       0 |   0.0 |      33 |       0 |   0.0
   Spider:3 |    8377 |    3228 |  27.8 |      23 |       3 |  11.5
   Spider:4 |   12384 |   23101 |  65.1 |      41 |      55 |  57.3
      Orc:1 |    1698 |    1354 |  44.4 |      34 |       2 |   5.6
      Orc:2 |    3126 |    8049 |  72.0 |      33 |      37 |  52.9
      Elf:1 |    8163 |    7038 |  46.3 |      15 |      15 |  50.0
      Elf:2 |   14443 |    4657 |  24.4 |      28 |      10 |  26.3
      Elf:3 |   11256 |   31766 |  73.8 |      25 |      28 |  52.8
   Vaults:1 |   13215 |   14236 |  51.9 |      41 |      21 |  33.9
   Vaults:2 |   22879 |   24391 |  51.6 |      45 |      33 |  42.3
   Vaults:3 |   21671 |   25096 |  53.7 |      31 |      29 |  48.3
   Vaults:4 |   12716 |   20596 |  61.8 |      22 |      39 |  63.9
   Depths:1 |   59710 |   19588 |  24.7 |      97 |      22 |  18.5
   Depths:2 |       0 |   22032 | 100.0 |       0 |      46 | 100.0
   Depths:3 |    1285 |       0 |   0.0 |       2 |       0 |   0.0
     Bailey |       0 |    2230 | 100.0 |       0 |      16 | 100.0
      IceCv |       0 |    3455 | 100.0 |       0 |      27 | 100.0
            +---------+---------+-------+---------+---------+-------
